 Dungeon Crawl Stone Soup version 0.23-b1-49-g13d5857 (webtiles) character file.

Game seed: 1338511735814814976

171 HEYYEYAAE the Bolt Thrower (level 5, 0/34 HPs)
             Began as an Octopode Hunter on Feb 4, 2019.
             Killed by divine providence
             ... invoked by an orc priest
              (11 damage)
             ... on level 3 of the Dungeon.
             The game lasted 00:05:16 (2933 turns).

HEYYEYAAE the Bolt Thrower (Octopode Hunter)        Turns: 2933, Time: 00:05:17

Health: 0/34       AC:  1    Str: 11    XL:     5   Next: 51%
Magic:  5/5        EV: 13    Int: 15    God:
Gold:   216        SH:  0    Dex: 14    Spells: 4/4 levels left

rFire    x . .     SeeInvis .   a - +1 hand crossbow
rCold    + . .     Gourm    .   (no shield)
rNeg     . . .     Faith    .   (helmet restricted)
rPois    .         Spirit   .   (no amulet)
rElec    .         Reflect  .   j - +2 ring of intelligence
rCorr    .         Harm     .   q - ring of ice
MR       .....                  (no ring)
Stlth    +++.......             (no ring)
HPRegen  0.11/turn              (no ring)
MPRegen  0.09/turn              (no ring)
                                (no ring)
                                (no ring)

@: hasted, very quick
A: almost no armour, stealthy swim, amphibious, 8 rings, constrict 8, camouflage
1, gelatinous body 1
a: no special abilities


You were on level 3 of the Dungeon.
You were very hungry.

You visited 1 branch of the dungeon, and saw 6 of its levels.

You collected 216 gold pieces.

Inventory:

Hand Weapons
 a - a +1 hand crossbow (weapon)
 n - a +1 short sword of venom
Missiles
 c - 17 bolts (quivered)
Jewellery
 j - a +2 ring of intelligence (left tentacle)
 q - a ring of ice (right tentacle)
Wands
 l - a wand of random effects (18)
 r - a wand of iceblast (10)
Scrolls
 b - 2 scrolls of immolation {unknown}
 e - 2 scrolls of enchant weapon {unknown}
 f - 3 scrolls of random uselessness {unknown}
 g - 2 scrolls of magic mapping {unknown}
 h - a scroll of blinking {unknown}
 i - 6 scrolls of identify {unknown}
 k - 2 scrolls of remove curse {unknown}
 m - a scroll of teleportation {unknown}
Potions
 o - a potion of curing
Comestibles
 d - 10 rations


   Skills:
 - Level 2.0 Fighting
 * Level 6.6 Crossbows
 - Level 2.0 Dodging
 - Level 1.3 Stealth


You had 4 spell levels left.
You didn't know any spells.
Your spell library was empty.

Dungeon Overview and Level Annotations

Branches:
Dungeon (6/15)
 Temple: D:4-7

Altars:


Innate Abilities, Weirdness & Mutations

You cannot wear most types of armour.
You are very stealthy in the water. (Stealth+)
You are amphibious.
You can wear up to eight rings at the same time.
You can use your tentacles to constrict eight enemies at once.
Your skin changes colour to match your surroundings (Stealth+).
Your rubbery body absorbs attacks. (AC +1, EV +1)


Message History

Press: ? - help, Shift-Dir - straight line, f/p - orc priest
Aim: an orc priest, wielding a +0 dagger (moderately wounded)
You shoot a bolt. The orc shouts!
The bolt hits the orc but does no damage.
Firing (i - inventory)
c - 18 bolts (quivered)
Press: ? - help, Shift-Dir - straight line, f/p - orc
Aim: an orc, wearing a +0 leather armour You shoot a bolt.
The bolt closely misses the orc.
The orc priest invokes the aid of Beogh against you.
Pain shoots through your body!
* * * LOW HITPOINT WARNING * * *
A leopard gecko comes into view.
The leopard gecko hisses angrily.
Found a scroll labeled HONUGO EPT and 9 gold pieces.
Okay, then.
You feel yourself speed up.
The orc priest mumbles some strange prayers to Beogh against you.
Beogh smites you!
You die...

.....#.#####..#.....#########.##.
.......# #..##.###.# ..##
#####..# #.###.# #... #.## #^.#
... #.# ###.. . #.## #.)##.## ..#
...#. #.## ##.... .## ..#.# #...
#.#... .#... #### ##..#
########....<..# ##
#....##.o@.l...?. #...###.
#..#o...######... #.....
#..((o..# ###... .((.###.## ##.#.
.($ #.## ######..## #..###
#...).(### ##...# #.###### #
###.## #.# #[.# ##.#


You could see an orc priest, 2 orcs and a leopard gecko.

Vanquished Creatures
  Terence (D:2)
  6 adders
  An ooze (D:3)
  3 worms (D:2)
  2 dart slugs (D:2)
  A leopard gecko (D:1)
  An orc (D:3)
  8 bats
  13 giant cockroaches
  8 goblins
  4 hobgoblins
  4 jackals (D:1)
  2 quokkas
  2 ball pythons
  4 frilled lizards
  9 kobolds
  7 rats
76 creatures vanquished.

Notes
Turn   | Place    | Note
-------+----------+-------------------------------------------
     0 | D:1      | HEYYEYAAE the Octopode Hunter began the quest for the Orb.
     0 | D:1      | Reached XP level 1. HP: 14/14 MP: 1/1
   110 | D:1      | Reached XP level 2. HP: 19/19 MP: 2/2
   996 | D:2      | Reached XP level 3. HP: 24/24 MP: 3/3
  1004 | D:2      | Reached skill level 5 in Crossbows
  1160 | D:2      | Noticed Terence
  1167 | D:2      | Killed Terence
  1168 | D:2      | Reached XP level 4. HP: 27/29 MP: 4/4
  1597 | D:2      | Reached skill level 6 in Crossbows
  1989 | D:2      | Reached XP level 5. HP: 18/34 MP: 5/5
  2643 | D:3      | You fall through a shaft for 3 floors!
  2646 | D:5      | Entered Level 5 of the Dungeon
  2646 | D:5      | Noticed a sky beast
  2933 | D:3      | Killed from afar by an orc priest

Skill      XL: |  1  2  3  4 |
---------------+-------------+-----
Crossbows      | 5 6 |  6.6
Fighting       | |  2.0
Dodging        | |  2.0
Stealth        | |  1.3

Action                   |  1- 3 |  4- 6 || total
-------------------------+-------+-------++-------
Melee: Short sword       |       |    57 ||    57
       Constrict         |       |    17 ||    17
       Tentacles         |       |     8 ||     8
 Fire: Hand crossbow     |    61 |    40 ||   101
Evoke: Wand              |       |     4 ||     4
  Use: Potion            |       |     3 ||     3
 Stab: Distracted        |       |     1 ||     1
       Sleeping          |       |     8 ||     8
  Eat: Chunk             |       |     5 ||     5
Armor: Skin              |     3 |     3 ||     6
Dodge: Dodged            |    22 |    47 ||    69
